 Dungeon Crawl Stone Soup version 0.25-a0-668-gea548f1 (webtiles) character file.

Game seed: 13670417191611468070, levelgen mode: deterministic

10549 Faca the Fighter (level 11, -9/95 HPs)
             Began as a Human Fighter on Mar 28, 2020.
             Was an Elder of Okawaru.
             Killed from afar by a crimson imp (20 damage)
             ... with a bolt of acid
             ... on level 10 of the Dungeon.
             The game lasted 00:32:29 (15455 turns).

Faca the Fighter (Human Fighter)                   Turns: 15455, Time: 00:32:29

Health: -9/95      AC:  8    Str: 20    XL:     11   Next: 95%
Magic:  11/11      EV:  6    Int:  8    God:    Okawaru [****..]
Gold:   627        SH: 11    Dex: 13    Spells: 10/10 levels left

rFire    + . .     SeeInvis .   k - +1 scimitar (flame)
rCold    . . .     Gourm    .   c - +1 kite shield
rNeg     + . .     Faith    .   b - +4 chain mail {rF+}
rPois    .         Spirit   .   m - +0 helmet
rElec    .         Reflect  .   (no cloak)
rCorr    .         Harm     .   l - +0 pair of gloves
MR       .....                  (no boots)
Stlth    ..........             z - macabre finger necklace {rN+}
HPRegen  0.25/turn              (no ring)
MPRegen  0.12/turn              (no ring)
                                (no ring)

@: corroded
A: no striking features
a: Heroism, Renounce Religion


You were on level 10 of the Dungeon.
You worshipped Okawaru.
Okawaru was greatly pleased with you.
You were not hungry.

You visited 2 branches of the dungeon, and saw 11 of its levels.

You collected 729 gold pieces.
You spent 102 gold pieces at shops.

Inventory:

Hand Weapons
 k - a +1 scimitar of flaming (weapon)
Missiles
 o - 8 javelins
 v - 4 silver javelins
 y - 3 boomerangs (quivered)
Armour
 b - a +4 chain mail of fire resistance (worn)
 c - a +1 kite shield (worn)
 l - a +0 pair of gloves (worn)
 m - a +0 helmet (worn)
 s - a +0 chain mail of poison resistance
Jewellery
 z - the macabre finger necklace (around neck) {rN+}
   (You found it on level 7 of the Dungeon)

   [amulet of nothing]

   It protects you from negative energy.
Wands
 a - a wand of scattershot (8)
 d - a wand of paralysis (7)
 A - a wand of flame (2)
Scrolls
 p - 4 scrolls of enchant armour
 t - a scroll of enchant weapon
Potions
 e - 4 potions of lignification
 g - 2 potions of haste
 j - a potion of curing
 n - 4 potions of invisibility
 r - 2 potions of mutation
 u - a potion of ambrosia {unknown}
 w - a potion of flight
Comestibles
 f - 21 rations


   Skills:
 + Level 11.8 Fighting
 + Level 11.6 Long Blades
 + Level 6.2 Armour
 + Level 6.2 Shields


You had 10 spell levels left.
You didn't know any spells.
Your spell library contained the following spells:

 Spells                   Type           Power        Failure   Level  Hunger
 Corona                   Hex            #......      100%        1    ##.....
 Ensorcelled Hibernation  Hex/Ice        #.....       100%        2    ###....
 Confusing Touch          Hex            #.......     100%        3    ####...
 Dazzling Flash           Conj/Hex       #.....       100%        3    ####...
 Tukima's Dance           Hex            #.......     100%        3    ####...


Dungeon Overview and Level Annotations

Branches:
Dungeon (10/15)            Temple (1/1) D:5
   Lair: D:8-11         Orc: D:9-12

Altars:
Ashenzari
Cheibriados
Dithmenos
Elyvilon
Fedhas
Gozag
Hepliaklqana
Kikubaaqudgha
Makhleb
Nemelex Xobeh
Okawaru
Qazlal
Ru
Sif Muna
Trog
Uskayaw
Vehumet
Wu Jian
Xom
Yredelemnul
Zin
The Shining One
Jiyva

Shops:
D:8 =

Annotations:
D:8 3 runed translucent doors, EternalFade's ghost, novice GnSk


Message History

You miss the crimson imp.
The crimson imp hits you but does no damage.
You slash the crimson imp!
The crimson imp is heavily wounded.
The crimson imp zaps a wand.
The bolt of acid hits you.
You are splashed with acid!
The bolt of acid hits something.
You are too injured to fight recklessly!
You closely miss the crimson imp.
The crimson imp is heavily wounded.
The crimson imp zaps a wand.
The bolt of acid hits you! The acid corrodes you!
You are splashed with acid!
* * * LOW HITPOINT WARNING * * *
The bolt of acid hits something.
You closely miss the crimson imp.
The crimson imp is heavily wounded.
Something hits you.
* * * LOW HITPOINT WARNING * * *
The crimson imp blinks!
The crimson imp zaps a wand.
The bolt of acid hits you!!
You die...

##......##^....8... ##
#..........####.### ..#
..........###.#.#.# ..#
.........###.##.# .###..#
............###.###.....#
........#...##...##†....#
......#.#...#5....#..#
#....#..............##.#
#...###.......((@......#
....##.............#####
.............##......#..#
.###.....................#
.#..........###.......#.##
......###.....#.......# .#
......##...#..#....##...#
.......#..###.#....#...(#
.........................#


You could see a crimson imp.

Vanquished Creatures
  Josephine (D:9)
  Harold (D:10)
  Erolcha (D:9)
  Erica (D:10)
  A two-headed ogre (D:10)
  Nergalle (D:10)
  Pikel (D:6)
  Joseph (D:7)
  2 rust devils (D:9)
  A spiny frog (shapeshifter) (D:10)
  A hippogriff (D:10)
  Sigmund (D:5)
  A yak (D:6)
  Eustachio (D:5)
  3 wraiths
  3 hungry ghosts
  5 orc warriors
  3 ice beasts
  2 sky beasts
  A phantom (D:4)
  A centaur (D:10)
  2 big kobolds
  2 bullfrogs (D:8)
  6 scorpions
  5 killer bees
  3 howler monkeys
  3 wights
  5 crimson imps
  A centaur zombie (D:6)
  A bullfrog zombie (D:6)
  A quasit (D:7)
  4 hounds
  4 jellies
  4 bullfrog skeletons
  A gnoll shaman (D:6)
  2 orc priests
  A centaur skeleton (D:10)
  8 orc wizards
  An iguana (D:4)
  4 worker ants
  Robin (D:2)
  6 gnolls
  A howler monkey skeleton (D:6)
  8 adders
  A river rat (D:5)
  5 oozes (D:8)
  An adder zombie (D:7)
  An adder skeleton (D:9)
  5 worms
  4 dart slugs
  6 leopard geckos
  16 orcs
  3 ball pythons
  7 giant cockroaches
  10 goblins
  14 hobgoblins
  15 jackals
  3 quokkas
  4 bats
  8 frilled lizards
  19 kobolds
  A leopard gecko skeleton (D:5)
  10 rats
240 creatures vanquished.

Vanquished Creatures (others)
  A vampire (D:10)
  4 slaves (D:6)
  A worker ant (D:6)
  A gnoll (D:6)
  A worm (D:3)
  An orc (D:6)
9 creatures vanquished.

Grand Total: 249 creatures vanquished

Notes
Turn   | Place    | Note
-------+----------+-------------------------------------------
     0 | D:1      | Faca the Human Fighter began the quest for the Orb.
     0 | D:1      | Reached XP level 1. HP: 18/18 MP: 1/1
    81 | D:1      | Reached XP level 2. HP: 21/24 MP: 2/2
   311 | D:1      | Reached XP level 3. HP: 26/29 MP: 3/3
  1697 | D:2      | Found an ancient bone altar of Kikubaaqudgha.
  1820 | D:2      | Noticed Robin
  1849 | D:2      | Reached XP level 4. HP: 36/37 MP: 4/4
  1897 | D:2      | Killed Robin
  2283 | D:2      | Found a burning altar of Makhleb.
  2283 | D:2      | Noticed a balrug
  2286 | D:2      | Noticed a smoke demon
  2286 | D:2      | Noticed a ynoxinul
  2884 | D:3      | Reached XP level 5. HP: 35/42 MP: 5/5
  3567 | D:3      | Found an opulent altar of Gozag.
  3852 | D:3      | Found a stormy altar of Qazlal.
  4017 | D:3      | Reached XP level 6. HP: 50/50 MP: 6/6
  4125 | D:4      | Reached skill level 5 in Fighting
  4370 | D:4      | Noticed a phantom
  4435 | D:4      | Killed a phantom
  4435 | D:4      | Reached skill level 5 in Long Blades
  4435 | D:4      | Reached XP level 7. HP: 14/56 MP: 7/7
  5665 | D:5      | Entered Level 5 of the Dungeon
  5775 | D:5      | Reached XP level 8. HP: 56/65 MP: 8/8
  5869 | D:5      | Found a staircase to the Ecumenical Temple.
  5878 | Temple   | Entered the Ecumenical Temple
  6039 | D:5      | Noticed Sigmund
  6048 | D:5      | Killed Sigmund
  6100 | D:5      | Noticed Eustachio
  6126 | D:5      | Killed Eustachio
  7038 | D:6      | You fall into a shaft and drop 1 floor!
  7091 | D:7      | Found the macabre finger necklace {rN+}
  7286 | D:6      | Reached XP level 9. HP: 73/74 MP: 9/9
  7411 | D:6      | Noticed Pikel
  7439 | D:6      | Killed Pikel
  8700 | D:7      | Found a shadowy altar of Dithmenos.
  8750 | D:7      | Reached XP level 10. HP: 80/84 MP: 10/10
  8900 | D:7      | Noticed Joseph
  8918 | D:7      | Killed Joseph
  8918 | D:7      | Reached skill level 10 in Fighting
  9842 | D:7      | Reached skill level 10 in Long Blades
 11012 | D:8      | Found Azxeom's Jewellery Boutique.
 11221 | D:8      | Bought a cursed -2 ring of slaying for 24 gold pieces
 11221 | D:8      | Bought a cursed ring of attention for 54 gold pieces
 11221 | D:8      | Bought a cursed -4 ring of dexterity for 24 gold pieces
 11439 | D:8      | Found a viscous altar of Jiyva.
 11499 | D:8      | Found a glowing golden altar of the Shining One.
 11524 | D:8      | Found a runed translucent gate.
 11524 | D:8      | Found a runed translucent gate.
 11524 | D:8      | Found a runed translucent gate.
 11526 | D:8      | Noticed EternalFade's ghost (novice GnSk)
 11958 | D:9      | Found an iron altar of Okawaru.
 11965 | D:9      | Became a worshipper of Warmaster Okawaru
 12028 | D:9      | Noticed Erolcha
 12270 | D:9      | Killed Erolcha
 12658 | D:8      | Noticed a rust devil
 12658 | D:8      | Noticed a rust devil
 13222 | D:10     | Entered Level 10 of the Dungeon
 13540 | D:10     | Noticed Erica
 13769 | D:10     | Killed Erica
 13769 | D:10     | Reached * piety under Okawaru
 13769 | D:10     | Reached XP level 11. HP: 49/93 MP: 11/11
 13940 | D:10     | Noticed Harold
 13960 | D:10     | Killed Harold
 13960 | D:10     | Reached ** piety under Okawaru
 14160 | D:10     | Reached skill level 5 in Armour
 14160 | D:10     | Reached skill level 5 in Shields
 14362 | D:10     | Noticed Nergalle
 14384 | D:10     | Killed Nergalle
 14384 | D:10     | Reached *** piety under Okawaru
 14491 | D:10     | Noticed Josephine
 14563 | D:9      | Killed Josephine
 14563 | D:9      | Received a gift from Okawaru
 14963 | D:10     | Noticed a two-headed ogre
 14980 | D:10     | Killed a two-headed ogre
 14980 | D:10     | Reached **** piety under Okawaru
 14980 | D:10     | Received a gift from Okawaru
 15455 | D:10     | Killed from afar by a crimson imp

Levels and vault maps discovered:
D:1:      elethiomel_arrival_quiet, layout_basic
D:2:      layout_rooms, overflow_temple_1_default, serial_bayou,
          serial_bayou_shore_a, serial_bayou_lagoon_a, serial_bayou_lagoon_b,
          serial_bayou_pond_a, roderic_three_in_a_row,
          makhleb_altar_promises_db, uniq_robin
D:3:      layout_loops_ring, old_standard_altar, grunt_qazlal_clouds,
          first_ration
D:4:      cheibrodos_barr_body, layout_loops_ring
D:5:      layout_basic, minmay_temple_entry_junction_2, gup_sewer_entry_bubbles,
          uniq_sigmund, uniq_eustachio
D:6:      minmay_cornered_nines, layout_loops_cross, uniq_pikel
D:7:      layout_gridville, serial_co_window_serial, co_window_cross_1,
          co_window_cross_1, co_window_paths_b, co_window_of_opportunity_a,
          co_window_cross_1, co_window_corner_ca, co_window_corner_cb,
          co_window_corner_b, co_window_unsneaky_path_e, co_window_paths_e,
          nicolae_dithmenos_through_a_glass_darkly, uniq_joseph
D:8:      cheibrodos_iron_armory, layout_layer_cave, kennysheep_little_box,
          serial_shops, shop, gammafunk_ghost_spectres,
          hangedman_little_slice_of_home
D:9:      layout_basic, overflow_temple_1_default, uniq_erolcha
D:10:     layout_cave_pools, lair_entry_dummy, kb_rosetta, uniq_josephine,
          uniq_harold, uniq_erica, uniq_nergalle
Temple:   compressed_dpeg_circular_temple

Skill      XL: |  1  2  3  4  5  6  7  8  9 10 11 |
---------------+----------------------------------+-----
Long Blades    | 3 4 5 6 7 9 10 11 | 11.6
Fighting       | 4 5 6 7 9 11 | 11.8
Armour         | 4 6 |  6.2
Shields        | 4 6 |  6.2

Action                   |  1- 3 |  4- 6 |  7- 9 | 10-12 || total
-------------------------+-------+-------+-------+-------++-------
Melee: Long sword        |   150 |   233 |   412 |   311 ||  1106
       Scimitar          |       |       |       |   154 ||   154
Throw: Boomerang         |       |       |     3 |     8 ||    11
Invok: Heroism           |       |       |       |     4 ||     4
Evoke: Wand              |       |     5 |    11 |    13 ||    29
  Use: Scroll            |     1 |    10 |     4 |     9 ||    24
       Potion            |       |       |     3 |     5 ||     8
  Eat: Chunk             |     3 |     9 |    16 |     7 ||    35
       Ration            |       |       |       |     6 ||     6
Armor: Scale mail        |    56 |    78 |   152 |       ||   286
       Chain mail        |       |       |       |   178 ||   178
Dodge: Dodged            |    46 |    62 |   104 |    68 ||   280
Block: Kite shield       |    82 |   130 |   214 |   220 ||   646
       Rpst.: Long sword |    14 |    21 |    28 |    17 ||    80
       Scimitar          |       |       |       |     7 ||     7

Table legend:
 A = Non-vault XP
 B = Vault XP
 C = Vault XP percentage of total XP
 D = Non-vault monster count
 E = Vault monster count
 F = Vault count percentage of total count
                 A         B        C        D         E       F
            +---------+---------+-------+---------+---------+-------
      Total |    5905 |    9165 |  60.8 |     189 |      51 |  21.2
            +---------+---------+-------+---------+---------+-------
        D:1 |      40 |       4 |   9.1 |      23 |       2 |   8.0
        D:2 |      52 |      29 |  35.8 |      18 |       9 |  33.3
        D:3 |     145 |       0 |   0.0 |      32 |       0 |   0.0
        D:4 |     453 |     124 |  21.5 |      14 |       6 |  30.0
        D:5 |     348 |     472 |  57.6 |       7 |       7 |  50.0
        D:6 |     937 |    1025 |  52.2 |      28 |       4 |  12.5
        D:7 |    1069 |     502 |  32.0 |      25 |       2 |   7.4
        D:8 |     350 |     119 |  25.4 |       9 |       7 |  43.8
        D:9 |     282 |    3573 |  92.7 |       8 |       8 |  50.0
       D:10 |    2229 |    3317 |  59.8 |      25 |       6 |  19.4
            +---------+---------+-------+---------+---------+-------
